 Dungeon Crawl Stone Soup version 0.31-a0-743-g45f7035092 (webtiles) character file.

Game seed: 6734574880149688037

99 pokeman the Magician (level 4, -1/25 HPs)
             Began as a Deep Elf Hedge Wizard on Sept 13, 2023.
             Succumbed to miscasting Mephitic Cloud's poison
             ... on level 3 of the Dungeon.
             The game lasted 00:04:53 (3625 turns).

pokeman the Magician (Deep Elf Hedge Wizard)        Turns: 3625, Time: 00:04:54

Health: -1/25      AC:  3    Str:  7    XL:     4   Next: 45%
Magic:  1/13       EV: 12    Int: 21    God:
Gold:   190        SH:  0    Dex: 14    Spells: 3/14 levels left

rFire   . . .        o - +2 short sword (drain)
rCold   . . .        (no shield)
rNeg    . . .        b - +0 robe
rPois   .            n - +0 helmet
rElec   .            (no cloak)
rCorr   .            (no gloves)
SInv    .            (no boots)
Will    .....        (no amulet)
Stlth   ++           (no ring)
HPRegen 0.24/turn    (no ring)
MPRegen 0.13/turn

%: no passive effects
@: lethally poisoned (-1 -> -25), very slightly contaminated
A: no striking features
a: no special abilities


You were on level 3 of the Dungeon.
You visited 1 branch of the dungeon, and saw 4 of its levels.

You collected 190 gold pieces.

Inventory:

Hand Weapons
 o - a +2 short sword of draining (weapon)
Missiles
 k - a throwing net
Armour
 b - a +0 robe (worn)
 n - a +0 helmet (worn)
Scrolls
 a - 4 scrolls of identify {unknown}
 e - a scroll of noise {unknown}
 g - 2 scrolls of immolation {unknown}
 h - a scroll of teleportation {unknown}
 i - 2 scrolls of poison {unknown}
 p - a scroll of fear {unknown}
 r - a scroll of enchant armour {unknown}
Potions
 c - a potion of curing {unknown}
 d - 2 potions of magic
 f - 2 potions of lignification {unknown}
 j - a potion of heal wounds {unknown}
 l - a potion of haste {unknown}
 m - 2 potions of might {unknown}
 q - a potion of cancellation {unknown}


   Skills:
 - Level 1.0 Fighting
 - Level 1.0 Armour
 + Level 2.6 Dodging
 - Level 2.4 Stealth
 * Level 5.7 Spellcasting
 + Level 2.2 Conjurations
 - Level 1.1 Summonings
 - Level 1.1 Translocations
 - Level 1.0 Earth Magic
 + Level 0.0 Poison Magic


You had 3 spell levels left.
You knew the following spells:

 Your Spells              Type           Power      Damage    Failure   Level
a - Magic Dart            Conj           60%        1d6       4%          1
b - Mephitic Cloud        Conj/Pois/Air  9%         N/A       22%         3
c - Call Imp              Summ           20%        N/A       10%         2
d - Blink                 Tloc           20%        N/A       10%         2
e - Stone Arrow           Conj/Erth      24%        3d8       16%         3

Your spell library contained the following spells:

 Spells                   Type           Power      Damage    Failure   Level
 Slow                     Hex            24%        N/A       10%         1
 Cigotuvi's Dreadful Rot  Necr/Pois/Air  12%        N/A       16%         2
 Call Canine Familiar     Summ           10%        N/A       19%         3
 Dazzling Flash           Conj/Hex       20%        N/A       19%         3
 Volatile Blastmotes      Fire/Tloc      16%        2d11      24%         3
 Sigil of Binding         Hex            6%         N/A       30%         3
 Animate Armour           Summ/Erth      20%        N/A       54%         4
 Dimensional Bullseye     Hex/Tloc       4%         N/A       63%         4
 Leda's Liquefaction      Hex/Erth       4%         N/A       63%         4
 Starburst                Conj/Fire      5%         6d4       100%        6
 Lehudib's Crystal Spear  Conj/Erth      6%         10d3      100%        8
 Maxwell's Capacitive Co  Air            3%         ∞         100%        8


Dungeon Overview and Level Annotations

Branches:
Dungeon (4/15)
 Temple: D:4-7

Altars:
Elyvilon
Kikubaaqudgha

Shops:
D:1 :


Message History

Unknown command.
Casting: Magic Dart (safe; 4% risk of failure)
Confirm with . or Enter, or press ? or * to list all spells.
Aiming: Stone Arrow (quite dangerous; 16% risk of failure)
Press: ? - help, Shift-Dir - straight line, f - scorpion
Aim: a scorpion (lightly wounded, 68% to hit)
The stone arrow hits the scorpion.
The scorpion is lightly wounded.
The scorpion barely misses you.
Unknown command.
Casting: Stone Arrow (quite dangerous; 16% risk of failure)
Confirm with . or Enter, or press ? or * to list all spells.
Aiming: Mephitic Cloud (extremely dangerous; 22% risk of failure)
Press: ? - help, Shift-Dir - straight line, f/p - scorpion
Aim: a scorpion (lightly wounded, chance to affect: 81%)
You miscast Mephitic Cloud.
You are very lightly contaminated with residual magic.
Nothing appears to happen.
The scorpion stings you.
You are poisoned.
The scorpion poisons you!
Unknown command.
Casting: Mephitic Cloud (extremely dangerous; 22% risk of failure)
Confirm with . or Enter, or press ? or * to list all spells.
Aiming: Mephitic Cloud (extremely dangerous; 22% risk of failure)
Press: ? - help, Shift-Dir - straight line, f/p - scorpion
Aim: a scorpion (lightly wounded, chance to affect: 81%)
You miscast Mephitic Cloud.
Nothing appears to happen.
You feel very sick. The scorpion completely misses you.
The scorpion stings you.
You are lethally poisoned!
The scorpion poisons you!
Casting: Mephitic Cloud (extremely dangerous; 22% risk of failure)
Confirm with . or Enter, or press ? or * to list all spells.
Aiming: Mephitic Cloud (extremely dangerous; 22% risk of failure)
Press: ? - help, Shift-Dir - straight line, f/p - scorpion
Aim: a scorpion (lightly wounded, chance to affect: 81%)
You miscast Mephitic Cloud.
You feel incredibly sick!
You are more poisoned.
* * * LOW HITPOINT WARNING * * *
You die...

##.#####.####.#
#............#
###...##.######
..#.#..#...####
..#.##........##
..#'###........###
.........###.....#
.........# ##...s#
.........# #...@#
†........# ######
..#'#'#### ....#.#
.####.# .'....#
.###### .# ##


You could see a scorpion.

Vanquished Creatures
  An adder (D:2)
  2 worms (D:2)
  3 dart slugs
  10 endoplasms
  4 giant cockroaches
  11 hobgoblins
  A quokka (D:1)
  3 ball pythons
  7 bats
  4 frilled lizards
  12 goblins
  8 kobolds
  3 rats
69 creatures vanquished.

Notes
Turn   | Place    | Note
-------+----------+-------------------------------------------
     0 | D:1      | pokeman the Deep Elf Hedge Wizard began the quest for the
                  | Orb.
     0 | D:1      | Reached XP level 1. HP: 10/10 MP: 7/7
   395 | D:1      | Reached XP level 2. HP: 15/16 MP: 3/9
   562 | D:1      | Found Nioneom's Book Shop.
  1190 | D:1      | Reached skill level 5 in Spellcasting
  1568 | D:2      | Found an ancient bone altar of Kikubaaqudgha.
  1573 | D:2      | Reached XP level 3. HP: 20/20 MP: 8/11
  1577 | D:2      | Learned a level 3 spell: Mephitic Cloud
  1580 | D:2      | Learned a level 2 spell: Call Imp
  1592 | D:2      | Learned a level 2 spell: Blink
  1596 | D:2      | Learned a level 3 spell: Stone Arrow
  1969 | D:2      | Reached skill level 1 in Fighting
  2055 | D:2      | Reached skill level 1 in Armour
  2357 | D:2      | Reached XP level 4. HP: 25/25 MP: 11/13
  2804 | D:3      | Found a white marble altar of Elyvilon.
  3572 | D:3      | Reached skill level 1 in Earth Magic
  3615 | D:4      | Noticed a scorpion
  3625 | D:3      | Succumbed to miscasting Mephitic Cloud's poison

Illustrated notes

Levels and vault maps discovered:
D:1:      eino_arrival_water_star, layout_loops_corners, serial_rivers,
          chequers_serial_rivers_large_b, chequers_serial_rivers_large_a,
          chequers_serial_rivers_small_a, chequers_serial_rivers_room_a,
          chequers_serial_rivers_micro_a, chequers_serial_rivers_room_b,
          serial_shops, nicolae_shop_rolling_square
D:2:      layout_basic, basic_altar, nicolae_wormholes
D:3:      kennysheep_the_goblin_king, layout_basic,
          mainiacjoe_overflow_boulevard, ebering_dispersal_statue_hall
D:4:      kennysheep_goblin_castle, layout_cave_pools, uniq_eustachio,
          uniq_blork_the_orc

Skill      XL: |  1  2  3  4 |
---------------+-------------+-----
Spellcasting   | 5 |  5.7
Fighting       | 1 |  1.0
Conjurations   | 2 |  2.2
Armour         | 1 |  1.0
Earth Magic    | 1 |  1.0
Dodging        | |  2.6
Stealth        | |  2.4
Summonings     | |  1.1
Translocations | |  1.1

Action                     |  1- 3 |  4- 6 || total
---------------------------+-------+-------++-------
  Melee: Short sword       |     5 |       ||     5
   Cast: Magic Dart        |   131 |    53 ||   184
         Stone Arrow       |       |     1 ||     1
 Armour: Robe              |    15 |     4 ||    19
  Dodge: Dodged            |    17 |     2 ||    19

Table legend: (Time is in decaauts)
 A = Elapsed time spent in this place.
 B = Non-inter-level travel time spent in this place.
 C = Inter-level travel time spent in this place.
 D = Time resting spent in this place.
 E = Time spent auto-exploring this place.
 F = Levels seen in this place.
 G = Mean time per level.
                   A        B        C        D        E       F      G
               +--------+--------+--------+--------+--------+-----+--------+
         Total |   3662 |   3599 |     63 |    118 |   3110 |   4 |  915.5 |
       Dungeon |   3662 |   3599 |     63 |    118 |   3110 |   4 |  915.5 |
               +--------+--------+--------+--------+--------+-----+--------+

Top non-repeatable levels by time:
     D:1: 1595 daAuts
     D:2: 1225 daAuts
     D:3: 833 daAuts
     D:4: 7 daAuts
